 Dungeon Crawl Stone Soup version 0.30-a0-576-g89cddaab80 (webtiles) character file.

Game seed: 2611768801392636101

170 porpoise the Shooter (level 5, -6/41 HPs)
             Began as a Human Hunter on Dec 31, 2022.
             Shot with an arrow by a centaur (10 damage)
             ... on level 4 of the Dungeon.
             The game lasted 00:07:33 (2458 turns).

porpoise the Shooter (Human Hunter)                 Turns: 2458, Time: 00:07:33

Health: -6/41      AC:  6    Str: 11    XL:     5   Next: 80%
Magic:  5/5        EV: 11    Int: 10    God:
Gold:   118        SH:  0    Dex: 18    Spells: 4/4 levels left

rFire   . . .      SeeInvis .    a - +0 shortbow
rCold   . . .      Faith    .    (shield currently unavailable)
rNeg    . . .      Spirit   .    o - +0 ring mail
rPois   .          Reflect  .    t - +0 helmet
rElec   .          Harm     .    (no cloak)
rCorr   .          Rampage  .    (no gloves)
Will    .....                    (no boots)
Stlth   +                        (no amulet)
HPRegen 0.26/turn                (no ring)
MPRegen 0.09/turn                (no ring)

@: hasted, very quick
A: no striking features
a: no special abilities


You were on level 4 of the Dungeon.
You visited 1 branch of the dungeon, and saw 4 of its levels.

You collected 118 gold pieces.

Inventory:

Hand Weapons
 a - a +0 shortbow (weapon)
 b - a +0 rapier
 r - a +4 sling
Armour
 o - a +0 ring mail (worn)
 t - a +0 helmet (worn)
Magical Staves
 c - a staff of air
Scrolls
 e - a scroll of identify
 g - 2 scrolls of fog
 h - a scroll of vulnerability {unknown}
 i - 3 scrolls of amnesia
 j - 2 scrolls of magic mapping
 l - a scroll of enchant weapon {unknown}
 n - 2 scrolls of immolation
 p - a scroll of blinking {unknown}
 q - a scroll of teleportation {unknown}
Potions
 d - 2 potions of lignification
 f - a potion of magic
 k - 2 potions of curing
 s - a potion of mutation
 u - a potion of brilliance


   Skills:
 + Level 3.5 Fighting
 * Level 5.8 Ranged Weapons
 - Level 2.0 Dodging
 - Level 1.0 Stealth


You had 4 spell levels left.
You didn't know any spells.
Your spell library contained the following spells:

 Spells                   Type           Power      Damage    Failure   Level
 Apportation              Tloc           0%         N/A       67%         1
 Necrotise                Necr           0%         1d4       67%         1
 Summon Small Mammal      Summ           0%         N/A       67%         1
 Cigotuvi's Dreadful Rot  Necr/Pois/Air  0%         N/A       80%         2
 Poisonous Vapours        Pois/Air       0%         N/A       80%         2
 Scorch                   Fire           0%         2d5       80%         2
 Mephitic Cloud           Conj/Pois/Air  0%         N/A       95%         3
 Flame Wave               Conj/Fire      0%         2d4       100%        4
 Summon Cactus Giant      Summ           0%         N/A       100%        6


Dungeon Overview and Level Annotations

Branches:
Dungeon (4/15)
 Temple: D:4-7

Altars:
Kikubaaqudgha
Trog
Yredelemnul

Shops:
D:2 (=:


Message History

The centaur is lightly wounded.
The centaur closely misses you. x2; The centaur barely misses you. x2
You barely miss the centaur.
The centaur is lightly wounded.
The centaur misses you. The centaur completely misses you.
The centaur wields a +0 shortbow.
The centaur shoots an arrow.
The arrow barely misses you.
You feel yourself speed up. The kobold barely misses you.
a - a +0 shortbow (weapon)
The kobold hits you but does no damage.
Fire: a) +0 shortbow
Press: ? - help, Q - select action Shift-Dir - straight line, f/p - centaur
Aim: a centaur, wielding a +0 shortbow (lightly wounded, 74% to hit)
You shoot an arrow. The arrow barely misses the kobold.
The arrow hits the centaur but does no damage.
The centaur is lightly wounded.
The kobold barely misses you.
Fire: a) +0 shortbow
Press: ? - help, Q - select action Shift-Dir - straight line, f/p - centaur
Aim: a centaur, wielding a +0 shortbow (lightly wounded, 74% to hit)
You shoot an arrow. The arrow barely misses the kobold.
The arrow hits the centaur but does no damage.
The centaur is lightly wounded.
The kobold hits you with a +0 flail.
* * * LOW HITPOINT WARNING * * *
Fire: a) +0 shortbow
Press: ? - help, Q - select action Shift-Dir - straight line, f/p - centaur
Aim: a centaur, wielding a +0 shortbow (lightly wounded, 74% to hit)
You shoot an arrow. The arrow hits the kobold.
You kill the kobold!
The centaur shoots an arrow.
The arrow hits you.
* * * LOW HITPOINT WARNING * * *
The centaur shoots an arrow.
The arrow closely misses you.
Fire: a) +0 shortbow
Press: ? - help, Q - select action Shift-Dir - straight line, f/p - centaur
Aim: a centaur, wielding a +0 shortbow (lightly wounded, 74% to hit)
You shoot an arrow. The arrow hits the centaur.
The centaur is moderately wounded.
The centaur shoots an arrow.
The arrow hits you!
You die...

#.#..###...#.
..######.#..###...#.
#..................#.
#.#######.#..###...#.
.###.#######.#..# #...#.
................# #...#.
#...........####...#.
#.##.####..........'.
#@# #.######...#. ..
#)####.#### #...#.
....##c..............#.
...................<....
###..#...............###
..............#####.. #
..........$...... ... .
#.##....###...### .
......# ?..#


You could see a centaur.

Vanquished Creatures
  An ogre (D:4)
  Jessica (D:2)
  An adder (D:3)
  An orc (D:3)
  9 ball pythons
  6 endoplasms
  2 giant cockroaches
  A goblin (D:2)
  4 hobgoblins
  4 jackals (D:2)
  2 quokkas (D:2)
  3 bats
  3 frilled lizards
  5 kobolds
  7 rats
  A butterfly (D:3)
51 creatures vanquished.

Vanquished Creatures (others)
  10 fungi (D:4)
  A plant (D:3)
11 creatures vanquished.

Grand Total: 62 creatures vanquished

Notes
Turn   | Place    | Note
-------+----------+-------------------------------------------
     0 | D:1      | porpoise the Human Hunter began the quest for the Orb.
     0 | D:1      | Reached XP level 1. HP: 16/16 MP: 1/1
   164 | D:1      | Reached XP level 2. HP: 22/22 MP: 2/2
   558 | D:2      | Found Yshror's Jewellery Shop.
   592 | D:2      | Reached XP level 3. HP: 28/28 MP: 3/3
  1006 | D:2      | Found Apuezise's Book Emporium.
  1280 | D:2      | Noticed Jessica
  1283 | D:2      | Killed Jessica
  1284 | D:2      | Reached skill level 5 in Ranged Weapons
  1284 | D:2      | Reached XP level 4. HP: 27/34 MP: 4/4
  1359 | D:2      | Found Teivuxze's Antique Weapon Emporium.
  1830 | D:3      | Found a faded altar of an unknown god.
  1901 | D:3      | Found an ancient bone altar of Kikubaaqudgha.
  1903 | D:3      | Found a bloodstained altar of Trog.
  2153 | D:3      | Found a basalt altar of Yredelemnul.
  2259 | D:4      | Noticed an ogre
  2274 | D:4      | Killed an ogre
  2275 | D:4      | Reached XP level 5. HP: 5/41 MP: 5/5
  2438 | D:4      | Noticed a centaur
  2458 | D:4      | Shot with an arrow by a centaur

Illustrated notes

Levels and vault maps discovered:
D:1:      shiori_arrival_oz, layout_basic, minmay_liquid_box,
          chequers_mini_garden
D:2:      layout_rooms, serial_shops, nicolae_shop_hallway_stairs,
          nicolae_lakefront_shop, nicolae_shop_hallway_stairs,
          eino_tiny_chamber, roderic_lattice_a, uniq_jessica
D:3:      layout_basic, lemuel_tele_altar, nicolae_overflow_hidden_temple,
          ebering_ecumenical_altar_box, fountainhead, hangedman_glass_garden
D:4:      layout_basic, serial_aquarium, aquarium_bridge_square
          [aquarium_subvault_window, aquarium_subvault_bridge,
          aquarium_subvault_bridge, aquarium_subvault_bridge],
          aquarium_window_fake, aquarium_window_1, aquarium_window_2,
          aquarium_view_2c, aquarium_balcony_double_4,
          hellmonk_ghost_happy_afterlife, minmay_manual_macuahuitl,
          uniq_crazy_yiuf_cottage

Skill      XL: |  1  2  3  4 |
---------------+-------------+-----
Ranged Weapons | 5 |  5.8
Fighting       | 3 |  3.5
Dodging        | |  2.0
Stealth        | |  1.0

Action                   |  1- 3 |  4- 6 || total
-------------------------+-------+-------++-------
Melee: Rapier            |       |     4 ||     4
 Fire: Shortbow          |    82 |    54 ||   136
  Use: Scroll            |       |     9 ||     9
       Potion            |       |     1 ||     1
Armor: Leather armour    |    16 |       ||    16
       Ring mail         |     7 |     4 ||    11
Dodge: Dodged            |    34 |    31 ||    65

Table legend: (Time is in decaauts)
 A = Elapsed time spent in this place.
 B = Non-inter-level travel time spent in this place.
 C = Inter-level travel time spent in this place.
 D = Time resting spent in this place.
 E = Time spent auto-exploring this place.
 F = Levels seen in this place.
 G = Mean time per level.
                   A        B        C        D        E       F      G
               +--------+--------+--------+--------+--------+-----+--------+
         Total |   2506 |   2407 |     99 |    436 |   1566 |   4 |  626.5 |
       Dungeon |   2506 |   2407 |     99 |    436 |   1566 |   4 |  626.5 |
               +--------+--------+--------+--------+--------+-----+--------+

Top non-repeatable levels by time:
     D:2: 966 daAuts
     D:3: 735 daAuts
     D:1: 573 daAuts
     D:4: 230 daAuts
